 Dungeon Crawl Stone Soup version 0.29.1-12-g30fa7ad0bf (webtiles) character file.

Game seed: 10221735913255182824

123 GigaChad the Covered (level 4, 0/40 HPs)
             Began as a Minotaur Fighter on Dec 19, 2022.
             Succumbed to an orc priest's poison
             ... on level 3 of the Dungeon.
             The game lasted 00:03:36 (2363 turns).

GigaChad the Covered (Minotaur Fighter)             Turns: 2363, Time: 00:03:36

Health: 0/40       AC:  7    Str: 23    XL:     4   Next: 79%
Magic:  3/3        EV:  9    Int:  5    God:
Gold:   233        SH:  4    Dex:  9    Spells: 3/3 levels left

rFire   . . .      SeeInvis .   a - +0 war axe
rCold   . . .      Faith    .   c - +0 buckler
rNeg    . . .      Spirit   .   b - +0 scale mail
rPois   .          Reflect  .   (helmet restricted)
rElec   .          Harm     .   (no cloak)
rCorr   .          Rampage  .   (no gloves)
Will    .....                   (no boots)
Stlth   ..........              (no amulet)
HPRegen 0.13/turn               (no ring)
MPRegen 0.08/turn               (no ring)

@: lethally poisoned (0 -> -5)
A: horns 2, retaliatory headbutt
a: no special abilities


You were on level 3 of the Dungeon.
You visited 1 branch of the dungeon, and saw 3 of its levels.

You collected 233 gold pieces.

Inventory:

Hand Weapons
 a - a +0 war axe (weapon)
Armour
 b - a +0 scale mail (worn)
 c - a +0 buckler (worn)
Jewellery
 e - a +4 ring of evasion
Scrolls
 f - a scroll of immolation {unknown}
 g - a scroll of magic mapping {unknown}
 h - 2 scrolls of identify {unknown}
 l - a scroll of silence {unknown}
 m - a scroll of teleportation {unknown}
Potions
 d - 3 potions of might
 i - 3 potions of degeneration {unknown}
 j - 4 potions of curing {unknown}
 k - a potion of heal wounds {unknown}


   Skills:
 + Level 4.2 Fighting
 + Level 4.0 Axes
 + Level 4.8 Armour
 + Level 0.3 Dodging
 + Level 0.6 Stealth
 + Level 4.1 Shields


You had 3 spell levels left.
You didn't know any spells.
Your spell library contained the following spells:

 Spells                   Type           Power      Damage    Failure   Level
 Sting                    Tmut/Pois      0%         1d3       86%         1
 Summon Small Mammal      Summ           0%         N/A       86%         1
 Poisonous Vapours        Pois/Air       0%         N/A       95%         2
 Call Canine Familiar     Summ           0%         N/A       99%         3
 Summon Guardian Golem    Hex/Summ       0%         N/A       99%         3
 Olgreb's Toxic Radiance  Pois           0%         N/A       100%        4


Dungeon Overview and Level Annotations

Branches:
Dungeon (3/15)

Altars:


Innate Abilities, Weirdness & Mutations

You have a pair of horns on your head.
You reflexively headbutt those who attack you in melee.


Message History

You open the door.
There is an open door here.
Found 3 stones.
A dart slug comes into view.
A dart slug is nearby!
A dart slug is nearby!
The dart slug launches a dart at you. The slug dart hits you.
The dart slug bites you but does no damage.
You slash the dart slug!
The dart slug is severely wounded.
The dart slug misses you.
You hit the dart slug but do no damage.
The dart slug is severely wounded.
The dart slug barely misses you.
You hit the dart slug but do no damage. You headbutt the dart slug.
You kill the dart slug!
Found a potion of might.
You see here a dart slug corpse.
An orc priest comes into view. It is wielding a +0 hand axe of venom.
Found a short sword.
The orc priest shouts!
The orc priest invokes the aid of Beogh against you.
Pain shoots through your body!
A frilled lizard and 2 orcs come into view.
Found a robe.
Found a stone staircase leading down.
The frilled lizard hisses angrily.
The orc shouts! x2; You hear a shout!
The orc moves out of view. x2
An orc comes into view. It is wielding a +0 flail.
The orc priest hits you with a +0 hand axe of venom.
The orc priest hits you but does no damage.
You are poisoned.
Found 15 gold pieces.
You feel sick. The orc misses you.
You feel sick. The orc hits you with a +0 hand axe.
You feel sick. The orc hits you with a +0 hand axe.
The orc priest mumbles some strange prayers to Beogh against you.
Beogh smites you!
* * * LOW HITPOINT WARNING * * *
The orc attacks as you move away! The orc hits you but does no damage.
You die...

....# ....# ....# ....#
....## #### .....# #..#
.....### #.)#
.......#####..########..
....†.........o.@.......
##..##.#####olo#######$.
###.##..! #.#o#
..#.####......... ..+.#
####.##...### #. 8.###
#.# ##...).#. †.# #[#
...#.#. #### '### #>#
#.#...###..# .#.#
###.##.......#


You could see an orc priest, 2 orcs and a frilled lizard.

Vanquished Creatures
  A gnoll (D:1)
  5 adders
  2 worms
  2 dart slugs (D:3)
  3 ball pythons
  5 bats
  5 endoplasms
  3 giant cockroaches
  5 goblins
  6 hobgoblins
  2 jackals (D:2)
  4 quokkas
  3 frilled lizards (D:1)
  6 kobolds
  5 rats
57 creatures vanquished.

Vanquished Creatures (others)
  A bat (D:3)
1 creature vanquished.

Grand Total: 58 creatures vanquished

Notes
Turn   | Place    | Note
-------+----------+-------------------------------------------
     0 | D:1      | GigaChad the Minotaur Fighter began the quest for the Orb.
     0 | D:1      | Reached XP level 1. HP: 19/19 MP: 0/0
   255 | D:1      | Reached XP level 2. HP: 27/27 MP: 1/1
   467 | D:1      | Reached XP level 3. HP: 33/33 MP: 2/2
  1274 | D:2      | Identified the +3 ring mail of Somewhere Else {rElec Regen+
                  | rCorr}
  1330 | D:2      | Reached XP level 4. HP: 40/40 MP: 3/3
  1853 | D:3      | Found a faded altar of an unknown god.
  2362 | D:3      | HP: 1/40 [orc priest/divine providence (13)]
  2363 | D:3      | Succumbed to an orc priest's poison

Illustrated notes

Levels and vault maps discovered:
D:1:      lordsloth_arrival_two_stooges, layout_loops_ring
D:2:      minmay_door_path, layout_basic, serial_corexii_hall,
          corexii_hall_statues_deadend, chequers_hall_statues_y,
          minmay_crystal_water
D:3:      layout_rooms, nicolae_kikubaaqudgha_miasma_corner,
          basic_ecumenical_altar, minmay_misc_feat_four_crosses,
          kennysheep_generic_room_14

Skill      XL: |  1  2  3  4 |
---------------+-------------+-----
Fighting       | 4 |  4.2
Armour         | 4 |  4.8
Shields        | 4 |  4.1
Axes           | 3 4 |  4.0
Dodging        | |  0.3
Stealth        | |  0.6

Action                   |  1- 3 |  4- 6 || total
-------------------------+-------+-------++-------
Melee: War axe           |    61 |    40 ||   101
       Headbutt          |     3 |     8 ||    11
Armor: Scale mail        |    32 |    26 ||    58
Dodge: Dodged            |    40 |    37 ||    77
Block: Buckler           |    16 |    14 ||    30
